 Dungeon Crawl Stone Soup version 0.31-a0-234-gad7ace16ef (webtiles) character file.

Game seed: 17573156893024496342

154 qw the Shooter (level 5, 0/30 HPs)
             Began as a Gargoyle Hexslinger on July 9, 2023.
             Slain by a gnoll
             ... wielding a +0 spear
             ... led by a gnoll bouda
              (3 damage)
             ... on level 3 of the Dungeon.
             The game lasted 00:01:01 (1994 turns).

qw the Shooter (Gargoyle Hexslinger)                Turns: 1994, Time: 00:01:02

Health: 0/30       AC:  9    Str: 11    XL:     5   Next: 36%
Magic:  6/6        EV: 10    Int: 14    God:
Gold:   44         SH:  0    Dex: 20    Spells: 5/6 levels left

rFire   . . .        Y - +2 sling
rCold   . . .        (no shield)
rNeg    + . .        f - +0 ring mail
rPois   inf          (no helmet)
rElec   +            (no cloak)
rCorr   .            (no gloves)
SInv    .            (no boots)
Will    .....        (no amulet)
Stlth   +            e - +6 ring of dexterity
HPRegen 0.25/turn    (no ring)
MPRegen 0.10/turn

%: no passive effects
@: no status effects
A: sickness immunity, AC +4, negative energy resistance 1, electricity
resistance, torment resistance 1, petrification resistance
a: no special abilities


You were on level 3 of the Dungeon.
You visited 1 branch of the dungeon, and saw 3 of its levels.

You collected 114 gold pieces.
You spent 70 gold pieces at shops.


Innate Abilities, Weirdness & Mutations

You are immune to sickness and miasma.
Your stone body is resilient. (AC +4)
You are immune to poison.
You resist negative energy. (rN+)
You are resistant to electric shocks. (rElec)
You are resistant to unholy torment.
You are immune to petrification.


   Skills:
 + Level 2.0 Fighting
 - Level 5.0 Ranged Weapons
 - Level 1.0 Armour
 - Level 1.5 Dodging
 - Level 1.0 Spellcasting
 - Level 2.6 Hexes


You had 5 spell levels left.
You knew the following spells:

 Your Spells              Type           Power      Damage    Failure   Level
a - Slow                  Hex            32%        N/A       21%         1

Your spell library contained the following spells:

 Spells                   Type           Power      Damage    Failure   Level
 Inner Flame              Hex/Fire       4%         N/A       71%         3
 Portal Projectile        Hex/Tloc       8%         N/A       71%         3
 Cause Fear               Hex            4%         N/A       90%         4

Inventory:

Hand Weapons
 Y - a +2 sling (weapon)
Armour
 f - a +0 ring mail (worn)
Jewellery
 e - a +6 ring of dexterity (left hand)
Scrolls
 a - a scroll of noise {unknown}
 b - a scroll of fog {unknown}
 c - a scroll of vulnerability {unknown}
 h - a scroll of revelation {unknown}
Potions
 d - 2 potions of curing
 g - a potion of brilliance {unknown}

Dungeon Overview and Level Annotations

Branches:
Dungeon (3/15)

Altars:

Shops:
D:1 *   D:3 :**

Annotations:
D:3 exclusion: 4 gnolls


Message History

The gnoll barely misses you.
The gnoll hits you from afar with a +0 spear.
The gnoll bouda barely misses you. The gnoll hits you but does no damage.
You shoot a sling bullet.
The sling bullet completely misses the gnoll bouda.
The gnoll hits you but does no damage. The gnoll bouda barely misses you.
The gnoll barely misses you. The gnoll closely misses you.
You shoot a sling bullet. The sling bullet hits the gnoll bouda.
The gnoll bouda is moderately wounded.
The gnoll bouda gazes fiercely through you!
You feel your attacks grow feeble.
The gnoll bouda hits you but does no damage.
The gnoll closely misses you. x2; The gnoll bouda barely misses you.
You shoot a sling bullet. The sling bullet hits the gnoll bouda!
The gnoll bouda is severely wounded.
The gnoll hits you from afar with a +0 spear.
The gnoll closely misses you.
The gnoll bouda hits you with a +0 whip.
You shoot a sling bullet. The sling bullet hits the gnoll bouda.
You kill the gnoll bouda!
The gnoll hits you but does no damage. The gnoll closely misses you.
The gnoll hits you from afar with a +0 spear.
The gnoll hits you but does no damage.
Your Ranged Weapons skill increases to level 5!
You shoot a sling bullet.
The sling bullet hits the gnoll but does no damage.
The gnoll is moderately wounded.
The gnoll is no longer moving quickly. x2
The gnoll hits you from afar with a +0 spear. x2
You shoot a sling bullet.
The sling bullet barely misses the gnoll.
The sling bullet hits the gnoll.
The gnoll is heavily wounded.
The gnoll is no longer moving quickly.
The gnoll hits you but does no damage. The gnoll barely misses you.
You shoot a sling bullet. The sling bullet hits the gnoll.
The gnoll is almost dead.
Your attacks no longer feel as feeble.
The gnoll hits you from afar with a +0 spear. x2
You die...

#...# #.###### #.......
##### ##.#.##.# #...#
#.....#+# ###...#
#........
#.....####........
#........##.......
.....#@).#........#....
.....#............#....
.......#gg..........#....
........g...........#..##
#....................#....
#...gg#....##..........#..
#.^.......>.).............
#................##(......
#..........#.....##.\.....


You could see 3 gnolls.

Vanquished Creatures
  A gnoll bouda (D:3)
  4 gnolls (D:3)
  An adder (D:3)
  2 worms (D:2)
  2 dart slugs
  An orc (D:3)
  9 ball pythons
  8 bats
  6 endoplasms
  6 giant cockroaches
  2 goblins
  2 hobgoblins
  4 jackals (D:3)
  7 kobolds
  A quokka (D:2)
  4 frilled lizards
  5 rats
65 creatures vanquished.

Notes
Turn   | Place    | Note
-------+----------+-------------------------------------------
     0 | D:1      | qw the Gargoyle Hexslinger began the quest for the Orb.
     0 | D:1      | Reached XP level 1. HP: 12/12 MP: 2/2
     0 | D:1      | 0 ||| qw: Version: 0.3-a-51-g015441d
     0 | D:1      | 0 ||| qw: Game counter: 4288
     0 | D:1      | 0 ||| qw: Melee chars always use a shield: true
     0 | D:1      | 0 ||| qw: God list: Okawaru
     0 | D:1      | 0 ||| qw: Allow faded altars: false
     0 | D:1      | 0 ||| qw: Do Orc after clearing Dungeon:15 true
     0 | D:1      | 0 ||| qw: Do second Lair branch before Depths: true
     0 | D:1      | 0 ||| qw: Lair rune preference: random
     0 | D:1      | 0 ||| qw: Goals: Normal
     0 | D:1      | 0 ||| PLANNING D:1-11
    78 | D:1      | Reached XP level 2. HP: 16/16 MP: 3/3
   124 | D:1      | Reached skill level 3 in Ranged Weapons
   169 | D:1      | 169 ||| FLEEEEING.
   170 | D:1      | 170 ||| FLEEEEING.
   237 | D:1      | Reached XP level 3. HP: 21/21 MP: 4/4
   308 | D:1      | Found Upyfaet's General Store.
   311 | D:1      | 311 ||| SHOPLISTING potion of haste (140 gold, have 20).
   311 | D:1      | 311 ||| SHOPLISTING potion of resistance (140 gold, have
                  | 20).
   311 | D:1      | 311 ||| SHOPLISTING scroll of teleportation (42 gold, have
                  | 20).
   435 | D:1      | Found a faded altar of an unknown god.
   606 | D:1      | 606 ||| UPGRADING to +0 ring mail.
   616 | D:1      | 616 ||| DROPPING +0 robe.
   617 | D:1      | 617 ||| UPGRADING to +6 ring of dexterity.
   618 | D:1      | 618 ||| DRINKING 3 grey potions.
   619 | D:1      | 619 ||| DROPPING scroll of poison.
   973 | D:2      | 973 ||| READING scroll labelled FUIMPE NUIGA.
   974 | D:2      | 974 ||| READING scroll labelled GAILETT KIT ORIU.
  1259 | D:3      | Found Nuwey's General Store.
  1268 | D:3      | Reached XP level 4. HP: 26/26 MP: 5/5
  1271 | D:3      | 1271 ||| SHOPLISTING potion of haste (140 gold, have 86).
  1271 | D:3      | 1271 ||| SHOPLISTING scroll of enchant armour (105 gold,
                  | have 86).
  1271 | D:3      | 1271 ||| BUYING scroll of teleportation (42 gold).
  1271 | D:3      | Bought a scroll of teleportation for 42 gold pieces
  1285 | D:3      | Reached skill level 4 in Ranged Weapons
  1285 | D:3      | HP: 6/26 [gnoll/+0 spear (2)]
  1286 | D:3      | 1286 ||| READING scroll of teleportation.
  1420 | D:3      | Found Huanoz's Book Shop.
  1460 | D:3      | Found Figufirch's Assorted Antiques.
  1480 | D:3      | 1480 ||| BUYING scroll labelled IFFE ZECOFF (28 gold).
  1480 | D:3      | Bought a scroll labelled IFFE ZECOFF for 28 gold pieces
  1480 | D:3      | 1480 ||| SHOPLISTING scroll labelled NUABLAYNEC (28 gold,
                  | have 23).
  1480 | D:3      | 1480 ||| SHOPLISTING scroll of identify (56 gold, have 23).
  1480 | D:3      | 1480 ||| SHOPLISTING scroll of teleportation (84 gold, have
                  | 23).
  1480 | D:3      | 1480 ||| SHOPLISTING sedimented green potion (25 gold, have
                  | 23).
  1480 | D:3      | 1480 ||| SHOPLISTING sparkling copper ring (140 gold, have
                  | 23).
  1487 | D:3      | Reached skill level 1 in Armour
  1630 | D:3      | 1630 ||| READING scroll labelled LURPHE ONU BEL.
  1637 | D:3      | 1637 ||| FLEEEEING.
  1638 | D:3      | 1638 ||| FLEEEEING.
  1639 | D:3      | 1639 ||| FLEEEEING.
  1919 | D:3      | Reached XP level 5. HP: 30/30 MP: 6/6
  1980 | D:3      | 1980 ||| Stepping ~*~*~tactically~*~*~ (outnumbered).
  1992 | D:3      | Reached skill level 5 in Ranged Weapons
  1992 | D:3      | HP: 7/30 [gnoll/+0 spear[a gnoll bouda] (4)]
  1994 | D:3      | HP: 3/30 [gnoll/+0 spear[a gnoll bouda] (5)]
  1994 | D:3      | Slain by a gnoll

Levels and vault maps discovered:
D:1:      giann_forest_graveyard, layout_rooms, serial_shops,
          nicolae_shop_tiny_real_fake_doors,
          dreamdust_ecumenical_altar_hidden_monk_grotto, minmay_split_cup_large
D:2:      layout_loops_cross, minmay_surrounded
D:3:      layout_basic, doesnt_xom_only_xom, serial_shops, shop, shop, shop,
          mrwooster_statue_mirror, nicolae_grassy_gnolls

Skill      XL: |  1  2  3  4  5 |
---------------+----------------+-----
Ranged Weapons | 3 4 5 |  5.0
Fighting       | 2 |  2.0
Armour         | 1 |  1.0
Dodging        | |  1.5
Spellcasting   | |  1.0
Hexes          | |  2.6

Action                     |  1- 3 |  4- 6 || total
---------------------------+-------+-------++-------
   Fire: Sling             |   129 |    93 ||   222
    Use: Scroll            |     2 |     2 ||     4
         Potion            |     1 |       ||     1
 Armour: Robe              |    15 |       ||    15
         Ring mail         |     3 |    32 ||    35
  Dodge: Dodged            |    39 |    54 ||    93

Table legend:
 A = Non-vault XP
 B = Vault XP
 C = Vault XP percentage of total XP
 D = Non-vault monster count
 E = Vault monster count
 F = Vault count percentage of total count
                 A         B        C        D         E       F
            +---------+---------+-------+---------+---------+-------
      Total |     151 |      70 |  31.7 |      57 |       8 |  12.3
            +---------+---------+-------+---------+---------+-------
        D:1 |      34 |      10 |  22.7 |      21 |       4 |  16.0
        D:2 |      32 |       5 |  13.5 |      15 |       2 |  11.8
        D:3 |      85 |      55 |  39.3 |      21 |       2 |   8.7
            +---------+---------+-------+---------+---------+-------
